 Dungeon Crawl Stone Soup version 0.26-a0-753-g4680b4fa2e (webtiles) character file.

Game seed: 633923365926947704

6213 2tc the Cleaver (level 10, -7/87 HPs)
             Began as a Deep Dwarf Fighter on Nov 7, 2020.
             Was a Priest of Makhleb.
             Hit by a large rock thrown by a cyclops (43 damage)
             ... on level 9 of the Dungeon.
             The game lasted 00:46:02 (7404 turns).

2tc the Cleaver (Deep Dwarf Fighter)                Turns: 7404, Time: 00:46:03

Health: -7/87      AC:  9    Str: 19    XL:     10   Next: 61%
Magic:  8/8        EV: 12    Int: 11    God:    Makhleb [***...]
Gold:   1274       SH:  0    Dex: 14    Spells: 9/9 levels left

rFire    . . .     SeeInvis +   l - +0 hand axe
rCold    . . .     Faith    .   (no shield)
rNeg     + . .     Spirit   .   x - +2 ring mail {rN+}
rPois    .         Reflect  .   (helmet restricted)
rElec    .         Harm     .   q - +1 cloak
rCorr    .         Rampage  .   (no gloves)
MR       +....                  (no boots)
Stlth    +.........             (no amulet)
HPRegen  0.00/turn              j - ring of see invisible
MPRegen  0.11/turn              (no ring)

@: non-regenerating, lightly drained
A: damage resistance, heal wounds, horns 1, sense surroundings 2, MP-powered
wands, no regeneration
a: Heal Wounds, Minor Destruction, Lesser Servant of Makhleb, Renounce Religion


You were on level 9 of the Dungeon.
You worshipped Makhleb.
Makhleb was most pleased with you.
You visited 2 branches of the dungeon, and saw 10 of its levels.

You collected 1274 gold pieces.

Inventory:

Hand Weapons
 a - a +0 war axe
 e - a +0 battleaxe
 l - a +0 hand axe (weapon)
Armour
 b - a +1 scale mail
 c - a +0 kite shield
 g - a +0 plate armour
 q - a +1 cloak (worn)
 x - a +2 ring mail of positive energy (worn)
Jewellery
 i - an uncursed amulet of faith
 j - a ring of see invisible (left hand)
Wands
 k - a wand of flame (26)
 m - a wand of acid (8)
 p - a wand of paralysis (2)
 w - a wand of polymorph (12)
Scrolls
 d - a scroll of magic mapping
 h - 6 scrolls of teleportation
 n - 2 scrolls of enchant armour
 o - a scroll of amnesia
 r - 2 scrolls of remove curse
 s - 3 scrolls of identify
Potions
 f - 6 potions of brilliance
 t - a potion of flight
 u - 2 potions of curing
 v - a potion of resistance


   Skills:
 + Level 4.4(4.1) Fighting
 - Level 14.0(13.7) Axes
 - Level 3.2(3.0) Armour
 - Level 3.0(2.7) Dodging
 - Level 3.2(3.0) Shields
 * Level 8.8(8.5) Invocations
 - Level 5.0(4.7) Evocations


You had 9 spell levels left.
You didn't know any spells.
Your spell library contained the following spells:

 Spells                   Type           Power        Failure   Level
 Confusing Touch          Hex            #.......     87%         3
 Gell's Gravitas          Tloc           #.........   87%         3
 Petrify                  Tmut/Erth      #.......     99%         4
 Metabolic Englaciation   Hex/Ice        #.........   100%        5
 Yara's Violent Unravell  Hex/Tmut       #.........   100%        5


Dungeon Overview and Level Annotations

Branches:
Dungeon (9/15)             Temple (1/1) D:5             Orc (0/2) D:9
   Lair: D:8-11

Altars:
Ashenzari
Cheibriados
Dithmenos
Elyvilon
Fedhas
Gozag
Hepliaklqana
Kikubaaqudgha
Makhleb
Nemelex Xobeh
Okawaru
Qazlal
Ru
Sif Muna
Trog
Uskayaw
Vehumet
Wu Jian
Xom
Yredelemnul
Zin
The Shining One

Shops:
D:5 =

Annotations:
D:8 2 transporters, Gildeon's ghost, novice GrFi


Innate Abilities, Weirdness & Mutations

You are resistant to damage.
You can heal yourself by infusing magical energy.
You passively map the area around you.
You do not regenerate.
You have a pair of small horns on your head.
You expend magic power (3 MP) to strengthen your wands.


Message History

You destroy the wight!
Makhleb accepts your kill.
You feel better.
You close the door.
Items here: )) [[.
Okay, then.
Items here: )) [[.
Okay, then.
Items here: )) [[.
You start resting.
Magic restored.
Found a quarterstaff.
Items here: )) [[.
Items here: )) [[.
You open the door.
There is an open door here.
An orc warrior comes into view. It is wielding a +0 hand axe.
The cyclops shouts!
The cyclops throws a large rock.
The large rock hits you!!!
You die...

, ,, ......#(##........#)†...
#############....##.............
,.........###......#.............
*########))'...##......C.#####...
* #$,*####...###.........####.. *
*)= ** #..###............#... .⌠,
#...##............#... .. ,*
##......#.........<(.. . *
##..@.###..##........
##....##.....>....... *
#......#.?........... *
#...##o............##. ,*
#...###......##....... * * +..##
.......##....#.# , , , #..,
*.....#.......... ,* *##.
...#.##*......... + * ,..##.. .
,, ,,


You could see a cyclops and an orc warrior.

Vanquished Creatures
  A two-headed ogre (D:8)
  Pikel (D:7)
  A wyvern (D:8)
  6 yaks (D:9)
  Edmund (D:6)
  Menkaure (D:7)
  A water moccasin (D:7)
  2 sky beasts
  2 orc warriors
  5 phantoms
  A black bear (D:8)
  A centaur (D:6)
  3 ogres
  3 lemures (D:7)
  Blork the orc (D:6)
  5 bullfrogs
  A wyvern zombie (D:7)
  4 scorpions
  4 killer bees (D:9)
  4 wights (D:9)
  2 centaur zombies
  3 howler monkeys
  Crazy Yiuf (D:5)
  6 hounds
  2 jellies
  5 orc priests
  9 orc wizards
  Natasha (thrice) (D:3)
  3 iguanas
  4 worker ants
  Terence (D:3)
  A killer bee zombie (D:5)
  2 hound zombies (D:5)
  2 human simulacra (D:9)
  A hound skeleton (D:4)
  2 worker ant zombies
  Robin (D:3)
  11 adders
  5 gnolls
  A shadow imp (D:5)
  2 white imps
  An ooze (D:6)
  2 adder zombies
  3 worms
  4 leopard geckos
  45 orcs
  11 bats
  7 giant cockroaches
  10 goblins
  9 hobgoblins
  2 jackals (D:4)
  3 quokkas
  3 frilled lizards
  10 kobolds
  3 leopard gecko skeletons
  3 quokka skeletons
  5 rats
236 creatures vanquished.

Vanquished Creatures (collateral kills)
  An orc (D:9)
1 creature vanquished.

Grand Total: 237 creatures vanquished

Notes
Turn   | Place    | Note
-------+----------+-------------------------------------------
     0 | D:1      | 2tc the Deep Dwarf Fighter began the quest for the Orb.
     0 | D:1      | Reached XP level 1. HP: 20/20 MP: 1/1
   223 | D:1      | You fall into a shaft and drop 1 floor!
   307 | D:2      | Reached skill level 3 in Axes
   307 | D:2      | Reached XP level 2. HP: 25/27 MP: 2/2
  1163 | D:2      | Reached XP level 3. HP: 20/33 MP: 3/3
  1227 | D:2      | Reached skill level 4 in Axes
  1409 | D:2      | Found a shimmering altar of Xom.
  1436 | D:2      | Reached XP level 4. HP: 17/40 MP: 4/4
  1760 | D:3      | Noticed Natasha
  1779 | D:3      | Killed Natasha
  1779 | D:3      | Reached skill level 5 in Axes
  1871 | D:3      | Noticed Natasha
  1871 | D:3      | Noticed Robin
  1885 | D:3      | Killed Natasha
  1885 | D:3      | Reached XP level 5. HP: 24/46 MP: 5/5
  1893 | D:3      | Killed Robin
  1893 | D:3      | Reached skill level 6 in Axes
  1956 | D:3      | Gained mutation: You have a pair of small horns on your
                  | head. [potion of mutation]
  1956 | D:3      | Gained mutation: You expend magic power (3 MP) to
                  | strengthen your wands. [potion of mutation]
  2076 | D:3      | Noticed Terence
  2103 | D:3      | Killed Terence
  2174 | D:3      | Noticed a phantom
  2181 | D:3      | Killed a phantom
  2181 | D:3      | Reached skill level 7 in Axes
  2181 | D:3      | Reached XP level 6. HP: 24/55 MP: 6/6
  2199 | D:3      | Noticed Natasha
  2205 | D:3      | Killed Natasha
  2821 | D:4      | Reached skill level 8 in Axes
  2996 | D:4      | Reached XP level 7. HP: 16/61 MP: 6/6
  3036 | D:4      | Found a white marble altar of Elyvilon.
  3036 | D:4      | Found a glowing golden altar of the Shining One.
  3037 | D:4      | Found a glowing silver altar of Zin.
  3214 | D:5      | Entered Level 5 of the Dungeon
  3372 | D:5      | Found Bedozxar's Jewellery Emporium.
  3390 | D:5      | Found a runed translucent door.
  3391 | D:5      | Noticed Crazy Yiuf
  3430 | D:5      | Reached skill level 9 in Axes
  3483 | D:5      | Found a staircase to the Ecumenical Temple.
  3491 | Temple   | Entered the Ecumenical Temple
  3586 | Temple   | Became a worshipper of Makhleb the Destroyer
  3906 | D:5      | Found a shimmering altar of Xom.
  4115 | D:5      | Reached skill level 10 in Axes
  4228 | D:5      | Reached XP level 8. HP: 38/68 MP: 5/5
  4388 | D:5      | Killed Crazy Yiuf
  4550 | D:6      | Noticed Edmund
  4573 | D:6      | Killed Edmund
  4573 | D:6      | Reached skill level 11 in Axes
  4678 | D:6      | Noticed Blork the orc
  4699 | D:6      | Killed Blork the orc
  4719 | D:6      | Identified a scroll of acquirement
  4719 | D:6      | Acquired 798 gold pieces
  4817 | D:6      | Reached * piety under Makhleb
  5184 | D:7      | Reached skill level 12 in Axes
  5325 | D:7      | Noticed Pikel
  5386 | D:7      | Killed Pikel
  5386 | D:7      | Gained mutation: You passively map the area around you.
                  | [Deep Dwarf growth]
  5386 | D:7      | Reached XP level 9. HP: 45/74 MP: 5/5
  5427 | D:7      | Reached skill level 13 in Axes
  5766 | D:7      | Noticed Menkaure
  5816 | D:7      | Killed Menkaure
  6142 | D:8      | Reached skill level 14 in Axes
  6160 | D:8      | Reached skill level 1 in Dodging
  6160 | D:8      | Reached skill level 1 in Invocations
  6277 | D:8      | Reached ** piety under Makhleb
  6370 | D:8      | Reached skill level 5 in Invocations
  6370 | D:8      | Reached skill level 1 in Evocations
  6605 | D:8      | Noticed a two-headed ogre
  6760 | D:8      | Found a transporter.
  6762 | D:8      | Noticed Gildeon's ghost (novice GrFi)
  6768 | D:8      | Found a transporter.
  6792 | D:8      | Reached XP level 10. HP: 50/81 MP: 7/7
  6906 | D:8      | Killed a two-headed ogre
  6906 | D:8      | Reached skill level 5 in Evocations
  7093 | D:9      | Reached *** piety under Makhleb
  7190 | D:9      | HP: 2/85 [yak (7)]
  7286 | D:9      | Noticed a cyclops
  7404 | D:9      | Hit by a large rock thrown by a cyclops

Illustrated notes

Levels and vault maps discovered:
D:1:      dpeg_arrival_castle, layout_basic
D:2:      layout_loops_ring, tgw_xom
D:3:      layout_basic, uniq_terence, uniq_robin, uniq_natasha
D:4:      layout_basic, good_gods_mini_temple
D:5:      minmay_bubble_buster, layout_basic, marbit_many_paths,
          minmay_temple_entry_grid, serial_shops, shop, uniq_crazy_yiuf_cottage
D:6:      layout_rooms, chequers_serial_rivers_micro_e, uniq_edmund,
          uniq_blork_the_orc
D:7:      layout_basic, kennysheep_generic_room_8, uniq_pikel, uniq_menkaure
D:8:      layout_basic, gammafunk_ghost_arena
D:9:      wad_guarded_room, layout_cave_pools, david_orc_3,
          gammafunk_ghost_grave, bh_circular_ruins
Temple:   regret_index_temple_mists

Skill      XL: |  1  2  3  4  5  6  7  8  9 10 |
---------------+-------------------------------+-----
Axes           | 3 4 5 7 8 10 12 14 | 14.0
Dodging        | 3 |  3.0
Invocations    | 5 8 |  8.8
Evocations     | 3 5 |  5.0
Fighting       | 4 |  4.4
Armour         | |  3.2
Shields        | |  3.2

Action                   |  1- 3 |  4- 6 |  7- 9 | 10-12 || total
-------------------------+-------+-------+-------+-------++-------
Melee: War axe           |   105 |    86 |       |       ||   191
       Hand axe          |       |    72 |   693 |   195 ||   960
       Headbutt          |       |    19 |   148 |    39 ||   206
Invok: Minor Destruction |       |       |       |     1 ||     1
       Lesser Servant of |       |       |       |     1 ||     1
 Abil: Heal Wounds       |       |     3 |    14 |     4 ||    21
Evoke: Wand              |       |       |    10 |     8 ||    18
  Use: Scroll            |     5 |     3 |     3 |       ||    11
       Potion            |     1 |     6 |    11 |     2 ||    20
 Stab: Paralysed         |       |       |     2 |     5 ||     7
       Invisible         |       |       |     1 |     5 ||     6
Armor: Scale mail        |    58 |    49 |   189 |     2 ||   298
       Skin              |       |       |    20 |       ||    20
       Ring mail         |       |       |       |    37 ||    37
Dodge: Dodged            |    50 |    74 |   202 |   110 ||   436

Table legend: (Time is in decaauts)
 A = Elapsed time spent in this place.
 B = Non-inter-level travel time spent in this place.
 C = Inter-level travel time spent in this place.
 D = Time resting spent in this place.
 E = Time spent auto-exploring this place.
 F = Levels seen in this place.
 G = Mean time per level.
                   A        B        C        D        E       F      G
               +--------+--------+--------+--------+--------+-----+--------+
         Total |   7163 |   6918 |    245 |    653 |   4201 |  10 |  716.3 |
       Dungeon |   7014 |   6790 |    224 |    653 |   4089 |   9 |  779.3 |
        Temple |    148 |    127 |     21 |      0 |    112 |   1 |  148.0 |
               +--------+--------+--------+--------+--------+-----+--------+

Top non-repeatable levels by time:
     D:5: 1114 daAuts
     D:1: 1007 daAuts
     D:7: 928 daAuts
     D:8: 791 daAuts
     D:2: 784 daAuts
     D:3: 754 daAuts
     D:4: 700 daAuts
     D:6: 594 daAuts
     D:9: 338 daAuts
  Temple: 148 daAuts
